 Dungeon Crawl Stone Soup version 0.24-a0-582-g4d4af813a0 (webtiles) character file.

Game seed: 6538179432355904584

10621 GameOver the Fighter (level 11, -8/106 HPs)
             Began as a Naga Wizard on Aug 27, 2019.
             Was a High Priest of Okawaru.
             Shot with a bolt by a yaktaur (31 damage)
             ... on level 10 of the Dungeon.
             The game lasted 01:09:53 (8404 turns).

GameOver the Fighter (Naga Wizard)                  Turns: 8404, Time: 01:09:54

Health: -8/106     AC:  6    Str: 11    XL:     11   Next: 65%
Magic:  20/20      EV: 10    Int: 21    God:    Okawaru [*****.]
Gold:   226        SH:  0    Dex:  9    Spells: 13/22 levels left

rFire    + . .     SeeInvis +   s - +3 halberd
rCold    + + .     Gourm    .   (shield currently unavailable)
rNeg     . . .     Faith    +   a - +0 robe
rPois    +         Spirit   .   N - +0 helmet {SInv}
rElec    .         Reflect  .   W - scarf {rC+ rF+}
rCorr    +         Harm     .   F - +0 pair of gloves
MR       +....                  (no barding)
Stlth    +++.......             A - amulet of faith
HPRegen  0.27/turn              G - ring of protection from cold
MPRegen  0.17/turn              Q - ring of resist corrosion

@: very slow
A: large, see invisible, deformed body, poison resistance, slowness 2, slow
metabolism 1, spit poison 1, AC +3
a: Spit Poison, Heroism, Finesse, Renounce Religion


You were on level 10 of the Dungeon.
You worshipped Okawaru.
Okawaru was extremely pleased with you.
You were not hungry.

You visited 2 branches of the dungeon, and saw 11 of its levels.
You also visited: Bailey.

You collected 548 gold pieces.
You spent 322 gold pieces at shops.

Inventory:

Hand Weapons
 c - a +0 club
 q - a +0 arbalest
 s - a +3 halberd (weapon)
 w - a +4 quarterstaff of chaos
Missiles
 u - 2 javelins (quivered)
 D - 66 bolts
Armour
 a - a +0 robe (worn)
 h - a +0 buckler
 F - a +0 pair of gloves (worn)
 M - a +2 shield of protection
 N - a +0 helmet of see invisible (worn)
 W - a scarf of resistance (worn)
Magical Staves
 U - an uncursed staff of fire
Jewellery
 A - an amulet of faith (around neck)
 G - a ring of protection from cold (left hand)
 Q - a ring of resist corrosion (right hand)
Wands
 m - a wand of disintegration (14)
 L - a wand of polymorph (7)
 R - a wand of paralysis (10)
Scrolls
 f - 6 scrolls of magic mapping
 g - 4 scrolls of identify {unknown}
 l - 5 scrolls of remove curse
 n - 2 scrolls of blinking {unknown}
 p - 2 scrolls of enchant weapon {unknown}
 v - 2 scrolls of noise {unknown}
 x - a scroll of torment {unknown}
 y - 4 scrolls of teleportation {unknown}
 J - a scroll of immolation
 O - a scroll of fear
 P - a scroll of fog {unknown}
 S - a scroll of enchant armour {unknown}
Potions
 i - a potion of cancellation {unknown}
 j - 4 potions of lignification
 k - 3 potions of might
 o - 3 potions of berserk rage
 r - 4 potions of brilliance
 t - 3 potions of curing
 B - 4 potions of degeneration {unknown}
 C - a potion of mutation {unknown}
 E - a potion of resistance {unknown}
 H - a potion of magic {unknown}
 I - a potion of haste
 K - a potion of agility
 T - a potion of flight {unknown}
 V - a potion of invisibility
Miscellaneous
 b - a phantom mirror
Comestibles
 d - 17 rations
 z - 4 chunks of flesh


   Skills:
 - Level 9.0 Fighting
 - Level 4.6(6.1) Polearms
 - Level 6.0(6.8) Staves
 - Level 6.2 Crossbows
 - Level 1.5 Dodging
 - Level 6.0 Stealth
 - Level 6.0 Spellcasting
 * Level 6.5 Conjurations
   Level 1.0 Summonings
 - Level 3.1 Translocations
 - Level 3.0 Fire Magic
 - Level 6.1 Poison Magic
 - Level 3.0 Invocations


You had 13 spell levels left.
You knew the following spells:

 Your Spells              Type           Power        Failure   Level  Hunger
a - Magic Dart            Conj           ####         1%          1    None
b - Blink                 Tloc           N/A          4%          2    None
d - Mephitic Cloud        Conj/Pois/Air  ###.....     5%          3    ##.....
f - Conjure Flame         Conj/Fire      ####....     4%          3    ##.....

Your spell library contained the following spells:

 Spells                   Type           Power        Failure   Level  Hunger
 Call Imp                 Summ           ##......     10%         2    None
 Slow                     Hex            #.......     14%         2    None


Dungeon Overview and Level Annotations

Branches:
Dungeon (10/15)            Temple (1/1) D:4          Bailey (visited)
   Lair: D:8-11         Orc: D:9-12

Altars:
Ashenzari
Cheibriados
Dithmenos
Elyvilon
Fedhas
Gozag
Hepliaklqana
Kikubaaqudgha
Makhleb
Nemelex Xobeh
Okawaru
Qazlal
Sif Muna
Uskayaw
Wu Jian
Zin

Shops:
D:6 !   D:8 }

Annotations:
D:3 1 runed translucent door, voshxx's ghost, amateur DsFi


Innate Abilities, Weirdness & Mutations

You cannot wear boots.
Your serpentine skin is tough. (AC +3)
You have supernaturally acute eyesight. (SInv)
Armour fits poorly on your strangely shaped body.
Your system is resistant to poisons. (rPois)
You cover ground very slowly.
You have a slow metabolism.
You can spit poison.


Message History

Confirm with . or Enter, or press ? or * to list all spells.
You blink.
You have got your breath back.
Okay, then.
There is a stone staircase leading up, spattered with blood here.
You climb upwards.
There is a stone staircase leading down here.
Wield which item (- for none, * to show all)? (? for menu, Esc to quit)
s - a +3 halberd (weapon)
There is an open door here.
There is an open door here.
There is a stone staircase leading down here.
You climb downwards.
The yaktaur shoots a bolt.
The bolt hits you!!
* * * LOW HITPOINT WARNING * * *
There is a stone staircase leading up, spattered with blood here.
You see here a bolt.
Unknown command.
You feel much better. The killer bee barely misses you.
The yaktaur shoots a bolt.
The bolt hits you!!
You die...

#################################
..............c.(...†<.÷.........
.............[..@y........#######
...........#############..#
...........# #..# ...........#
#..# # ............
............... ###..########
#......#....... ......###
#..####......## ..###..r### #..#
......# .#..###rrr###
#..####....#.T.


You could see a yaktaur and a killer bee.

Vanquished Creatures
  2 two-headed ogres (D:8)
  A tengu warrior (D:10)
  2 orc knights (Bailey)
  Maurice (D:9)
  A troll (D:10)
  A hippogriff (D:8)
  Sigmund (D:2)
  A vampire (D:9)
  5 yaks (D:9)
  A wyvern (D:9)
  A hog (shapeshifter) (D:9)
  Grum (D:9)
  Duvessa (D:5)
  A sky beast (D:9)
  A black bear (D:8)
  An eye of draining (D:9)
  9 orc warriors
  3 ice beasts
  6 ogres
  3 wolves (D:9)
  4 phantoms
  2 centaurs
  A crocodile (D:10)
  A big kobold (D:8)
  3 bullfrogs
  Dowan (D:5)
  13 killer bees
  2 howler monkeys
  7 crimson imps
  2 bullfrog zombies (D:5)
  A quasit (D:6)
  5 hounds
  2 bullfrog skeletons (D:4)
  2 jellies
  Crazy Yiuf (D:3)
  6 orc priests
  12 orc wizards
  2 centaur skeletons
  6 iguanas
  A hell rat (D:10)
  13 worker ants
  A killer bee zombie (D:8)
  A hound zombie (D:8)
  3 worker ant zombies
  5 gnolls
  A howler monkey skeleton (D:8)
  8 adders
  2 river rats (D:10)
  A shadow imp (D:6)
  3 oozes
  2 worms
  2 adder skeletons
  An adder zombie (D:9)
  A dart slug (D:1)
  3 leopard geckos
  28 orcs
  3 ball pythons
  5 bats
  12 giant cockroaches
  11 goblins
  7 hobgoblins
  12 jackals
  8 quokkas
  10 frilled lizards
  12 kobolds
  2 leopard gecko skeletons
  10 rats
284 creatures vanquished.

Vanquished Creatures (collateral kills)
  A killer bee (D:9)
1 creature vanquished.

Grand Total: 285 creatures vanquished

Notes
Turn   | Place    | Note
-------+----------+-------------------------------------------
     0 | D:1      | GameOver the Naga Wizard began the quest for the Orb.
     0 | D:1      | Reached XP level 1. HP: 15/15 MP: 4/4
    68 | D:1      | Reached XP level 2. HP: 22/22 MP: 4/6
   292 | D:1      | Reached XP level 3. HP: 28/28 MP: 2/7
   296 | D:1      | Learned a level 2 spell: Blink
   317 | D:1      | Learned a level 3 spell: Mephitic Cloud
  1003 | D:2      | Reached XP level 4. HP: 20/36 MP: 2/8
  1121 | D:2      | Noticed Sigmund
  1138 | D:2      | Killed Sigmund
  1138 | D:2      | Reached skill level 5 in Conjurations
  1138 | D:2      | Reached XP level 5. HP: 35/42 MP: 4/9
  1138 | D:2      | Reached XP level 6. HP: 41/49 MP: 4/10
  1736 | D:3      | Found a runed translucent door.
  1835 | D:3      | Found a shadowy altar of Dithmenos.
  1871 | D:3      | Found a white marble altar of Elyvilon.
  1936 | D:3      | Found a glowing silver altar of Zin.
  1938 | D:3      | Found a burning altar of Makhleb.
  2039 | D:3      | Found a shimmering blue altar of Sif Muna.
  2101 | D:3      | Found a runed translucent door.
  2102 | D:3      | Noticed Crazy Yiuf
  2114 | D:3      | Killed Crazy Yiuf
  2114 | D:3      | Reached skill level 1 in Poison Magic
  2205 | D:3      | Noticed voshxx's ghost (amateur DsFi)
  2211 | D:3      | Learned a level 3 spell: Conjure Flame
  2305 | D:4      | Reached skill level 1 in Staves
  2365 | D:4      | Reached XP level 7. HP: 13/55 MP: 3/11
  2429 | D:4      | Found a staircase to the Ecumenical Temple.
  2447 | Temple   | Entered the Ecumenical Temple
  2545 | Temple   | Became a worshipper of Warmaster Okawaru
  2738 | D:4      | Reached * piety under Okawaru
  2963 | D:4      | Reached XP level 8. HP: 55/62 MP: 7/12
  3098 | D:5      | Entered Level 5 of the Dungeon
  3112 | D:5      | Found a stormy altar of Qazlal.
  3137 | D:5      | Noticed Duvessa
  3147 | D:5      | Noticed Dowan
  3159 | D:5      | Reached skill level 5 in Staves
  3167 | D:5      | Killed Duvessa
  3167 | D:5      | Reached skill level 5 in Poison Magic
  3168 | D:5      | Killed Dowan
  3209 | D:5      | Reached ** piety under Okawaru
  3303 | D:5      | Found a hazy altar of Hepliaklqana.
  3353 | D:5      | Reached skill level 1 in Invocations
  3478 | D:5      | Reached skill level 1 in Fighting
  3614 | D:5      | Reached XP level 9. HP: 67/70 MP: 6/14
  4006 | D:5      | Reached skill level 5 in Stealth
  4025 | D:5      | Reached skill level 2 in Fighting
  4619 | D:6      | Found Ufohuff's Distillery.
  4622 | D:6      | Bought a potion of lignification for 42 gold pieces
  4622 | D:6      | Bought a potion of curing for 42 gold pieces
  4622 | D:6      | Bought 2 potions of might for 112 gold pieces
  4622 | D:6      | Bought a potion of berserk rage for 70 gold pieces
  4622 | D:6      | Bought a potion of agility for 56 gold pieces
  4663 | D:6      | Reached skill level 3 in Fighting
  4829 | D:6      | Found an ornate altar of the Wu Jian Council.
  5132 | D:7      | Found a flagged portal.
  5147 | Bailey   | Entered a bailey
  5148 | Bailey   | Noticed an orc knight
  5149 | Bailey   | Reached *** piety under Okawaru
  5150 | Bailey   | Killed an orc knight
  5150 | Bailey   | Reached skill level 4 in Fighting
  5150 | Bailey   | Reached skill level 5 in Spellcasting
  5245 | Bailey   | Reached XP level 10. HP: 70/87 MP: 14/18
  5294 | Bailey   | Noticed an orc knight
  5310 | Bailey   | Killed an orc knight
  5310 | Bailey   | Reached skill level 5 in Fighting
  5567 | D:7      | Found a shattered altar of Ashenzari.
  5607 | D:7      | Reached **** piety under Okawaru
  5815 | D:7      | Reached skill level 1 in Crossbows
  6207 | D:8      | Found a shattered altar of Ashenzari.
  6212 | D:8      | Noticed a two-headed ogre
  6225 | D:8      | Killed a two-headed ogre
  6225 | D:8      | Reached skill level 6 in Fighting
  6341 | D:8      | Reached skill level 1 in Fire Magic
  6368 | D:8      | Noticed a two-headed ogre
  6384 | D:8      | Killed a two-headed ogre
  6384 | D:8      | Reached ***** piety under Okawaru
  6384 | D:8      | Reached skill level 7 in Fighting
  6892 | D:8      | Reached XP level 11. HP: 102/102 MP: 16/20
  6962 | D:8      | Found Xuicw's Gadget Boutique.
  7150 | D:9      | Reached skill level 8 in Fighting
  7382 | D:9      | Found an ancient bone altar of Kikubaaqudgha.
  7399 | D:9      | Noticed Maurice
  7410 | D:9      | Killed Maurice
  7424 | D:9      | Noticed Grum
  7447 | D:9      | Received a gift from Okawaru
  7466 | D:9      | Killed Grum
  7470 | D:9      | Reached skill level 5 in Crossbows
  8003 | D:10     | Entered Level 10 of the Dungeon
  8043 | D:10     | Noticed a death yak
  8165 | D:10     | Noticed a tengu warrior
  8186 | D:10     | Killed a tengu warrior
  8223 | D:10     | Noticed a death yak
  8370 | D:10     | Reached skill level 9 in Fighting
  8403 | D:10     | HP: 1/106 [yaktaur/bolt (32)]
  8404 | D:10     | Shot with a bolt by a yaktaur

Levels and vault maps discovered:
D:1:      saegor_arrival_simple_d, layout_loops_corners, minmay_split_cup_small
D:2:      layout_loops_cross, minmay_pentomino_u4, uniq_sigmund
D:3:      layout_basic, nicolae_overflow_hidden_temple, old_standard_altar,
          lemuel_crystal_altar, gammafunk_ghost_grave, uniq_crazy_yiuf_cottage
D:4:      minmay_diamond_boxcup, layout_rooms, temple_green
D:5:      wad_river_or_something, layout_basic, old_standard_altar,
          grunt_qazlal_clouds, first_ration, uniq_duvessa
D:6:      layout_loops_cross, nicolae_overflow_crystal_walls, serial_shops,
          nicolae_shop_window_shopping, minmay_quadrilaterals
D:7:      layout_gridville, basic_altar, enter_bailey_2
D:8:      wad_arrow_thing, layout_basic, evilmike_ruin_ashenzari, serial_shops,
          nicolae_shop_trees
D:9:      layout_gridville, basic_altar, uniq_grum, uniq_maurice
D:10:     minmay_the_grid_triangle_9x9_recursive_2_mashed
          [minmay_the_grid_triangle_9x9_prize_top_heavy,
          minmay_the_grid_triangle_9x9_sprig,
          minmay_the_grid_triangle_9x9_zippers_vertical,
          minmay_the_grid_triangle_9x9_intruding_spiral], layout_long_grid,
          dpeg_lair_monsters, serial_shops, nicolae_shop_overgrown_old_shop
Temple:   minmay_temple_forest_path

Skill      XL: |  1  2  3  4  5  6  7  8  9 10 11 |
---------------+----------------------------------+-----
Conjurations   | 2 3 5 6 |  6.5
Poison Magic   | 2 3 6 |  6.1
Staves         | 2 4 6 |  6.0
Translocations | 2 3 |  3.1
Invocations    | 2 3 |  3.0
Fighting       | 1 4 7 9 |  9.0
Stealth        | 4 6 |  6.0
Spellcasting   | 5 6 |  6.0
Polearms       | 3 4 |  4.6
Crossbows      | 2 6 |  6.2
Fire Magic     | 3 |  3.0
Dodging        | |  1.5
Summonings     | |  1.0

Action                   |  1- 3 |  4- 6 |  7- 9 | 10-12 || total
-------------------------+-------+-------+-------+-------++-------
Melee: Unarmed           |     2 |       |       |       ||     2
       Spear             |       |     9 |       |       ||     9
       Quarterstaff      |       |    14 |   135 |   120 ||   269
       Trident           |       |     7 |    15 |       ||    22
       Halberd           |       |       |    15 |    72 ||    87
 Fire: Shortbow          |       |       |    26 |     7 ||    33
       Arbalest          |       |       |       |    51 ||    51
 Cast: Magic Dart        |    27 |    33 |    84 |    45 ||   189
       Mephitic Cloud    |       |     5 |    17 |    37 ||    59
       Conjure Flame     |       |     1 |     6 |    14 ||    21
       Blink             |       |       |     2 |     4 ||     6
Invok: Heroism           |       |       |       |     1 ||     1
 Abil: Spit Poison       |    30 |    38 |    70 |    57 ||   195
Evoke: Wand              |       |       |       |     1 ||     1
  Use: Scroll            |       |     5 |     1 |     1 ||     7
       Potion            |       |       |       |     4 ||     4
 Stab: Confused          |       |       |     1 |    10 ||    11
       Sleeping          |       |       |     1 |     3 ||     4
  Eat: Chunk             |     1 |     7 |    13 |    11 ||    32
       Ration            |       |       |     1 |       ||     1
Armor: Robe              |       |     6 |    50 |    52 ||   108
       Skin              |       |       |       |     2 ||     2
Dodge: Dodged            |     3 |    11 |    60 |    95 ||   169

Table legend:
 A = Non-vault XP
 B = Vault XP
 C = Vault XP percentage of total XP
 D = Non-vault monster count
 E = Vault monster count
 F = Vault count percentage of total count
                 A         B        C        D         E       F
            +---------+---------+-------+---------+---------+-------
      Total |    8625 |    6549 |  43.2 |     215 |      70 |  24.6
            +---------+---------+-------+---------+---------+-------
        D:1 |      55 |       6 |   9.8 |      28 |       3 |   9.7
        D:2 |      22 |     250 |  91.9 |      14 |       5 |  26.3
        D:3 |      47 |      42 |  47.2 |      24 |       1 |   4.0
        D:4 |     796 |       3 |   0.4 |      31 |       2 |   6.1
        D:5 |    1221 |     366 |  23.1 |      36 |       9 |  20.0
        D:6 |     523 |     135 |  20.5 |      15 |       4 |  21.1
        D:7 |     346 |       0 |   0.0 |       7 |       0 |   0.0
        D:8 |    2573 |     730 |  22.1 |      14 |      11 |  44.0
        D:9 |    2769 |    1483 |  34.9 |      41 |       8 |  16.3
       D:10 |     273 |    1262 |  82.2 |       5 |       9 |  64.3
     Bailey |       0 |    2272 | 100.0 |       0 |      18 | 100.0
            +---------+---------+-------+---------+---------+-------
